Map: Ley Lines

Players

KimChiLoVer - Winner!

  • Race: Terran Terran
  • Spawn Location: 7:00

A.I. 1 (Elite)

  • Race: Zerg Zerg
  • Spawn Location: 1:00

VOD

Have the link to the VOD?

Description

practice

Time

  • Played on: Aug. 3, 2025, 8:44 p.m.
  • Length: 12:44
Show
View Real Time Build Order
Export as new Build Order

KimChiLoVer Terran - Winner!

Build Orders: Reaper Expand 

Get SALT Encoding   

  12  0:00  SCV  
  13  0:13  SCV  
  14  0:17  Supply Depot  
  14  0:28  SCV  
  15  0:40  SCV  
  15  0:41  Barracks  
  16  0:47  Refinery  
  16  0:52  SCV  
  17  1:04  SCV  
  18  1:17  SCV  
  19  1:32  Reaper, Orbital Command  
  20  1:40  Command Center  
  20  1:53  Supply Depot  
  20  1:59  SCV  
  21  2:17  Factory  
  21  2:18  Marine  
  21  2:21  SCV  
  23  2:33  SCV  
  24  2:45  SCV  
  25  2:54  Orbital Command  
  25  2:57  SCV  
  25  2:58  Barracks Reactor  
  25  3:02  Refinery  
  25  3:05  Supply Depot  
  25  3:06  Factory Reactor  
  25  3:08  Barracks  
  25  3:09  SCV  
  26  3:21  SCV x2  
  26  3:26  Command Center  
  28  3:33  SCV  
  29  3:35  Marine x2, Starport  
  29  3:37  SCV  
  32  3:45  SCV  
  32  3:47  Hellion  
  35  3:49  SCV  
  35  3:51  Hellion  
  35  3:53  Marine x2  
  40  3:56  Barracks Tech Lab  
  40  4:01  SCV x2  
  42  4:11  Marine x2  
  42  4:13  SCV  
  45  4:19  Stimpack  
  45  4:23  Marine  
  46  4:24  Medivac  
  46  4:25  SCV  
  46  4:27  SCV  
  46  4:29  Marine  
  46  4:30  Marine  
  52  4:33  Factory Tech Lab  
  52  4:37  Medivac  
  52  4:38  SCV  
  55  4:39  SCV  
  55  4:41  Marine  
  57  4:47  Marine  
  57  4:48  Orbital Command, Marine  
  59  4:56  Barracks  
  59  4:57  Barracks  
  59  4:59  Siege Tank, Marine  
  63  5:04  SCV, Marine  
  63  5:06  Marine  
  66  5:08  Engineering Bay  
  66  5:13  Refinery  
  66  5:16  SCV, Marine  
  66  5:17  Supply Depot  
  66  5:21  Engineering Bay  
  68  5:25  Supply Depot  
  68  5:26  Supply Depot  
  68  5:27  Marine  
  69  5:37  Refinery  
  69  5:39  SCV, Marine x2, Medivac  
  69  5:41  Medivac  
  76  5:45  Marine  
  76  5:48  Barracks  
  76  5:49  Barracks Tech Lab  
  77  5:50  Barracks Tech Lab  
  77  5:51  SCV  
  77  5:57  Marine x2  
  78  6:01  Terran Infantry Weapons Level 1  
  78  6:03  Orbital Command, SCV, Marine  
  82  6:14  Marine  
  82  6:15  SCV  
  84  6:19  Medivac x2  
  84  6:22  Concussive Shells  
  84  6:24  SCV  
  89  6:27  SCV  
  90  6:35  Refinery  
  90  6:36  SCV  
  90  6:39  SCV  
  92  6:41  Refinery  
  92  6:47  SCV  
  92  6:53  Supply Depot  
  93  6:54  Supply Depot  
  93  7:00  Supply Depot  
  93  7:01  Terran Infantry Armor Level 1  
  93  7:06  Command Center  
  93  7:07  Barracks Reactor  
  93  7:12  Supply Depot  
  93  7:13  Supply Depot  
  93  7:14  Marine x3  
  93  7:15  SCV x3, Marauder  
  101  7:16  Marauder  
  101  7:20  Missile Turret  
  103  7:23  Missile Turret  
  103  7:27  Siege Tank, SCV x3  
  103  7:28  Medivac  
  111  7:32  Marine x2  
  113  7:39  SCV x3  
  113  7:43  Armory  
  116  7:44  Supply Depot  
  116  7:45  Combat Shield  
  116  7:47  Marauder  
  121  7:51  SCV x3  
  121  7:58  Marauder, Marine  
  124  7:59  Medivac  
  124  8:03  SCV x3  
  129  8:15  SCV  
  130  8:27  SCV  
  131  8:39  Marauder x3, Marine x4, SCV  
  142  8:49  Barracks  
  142  8:51  SCV  
  142  8:52  Barracks  
  142  8:53  Barracks  
  143  8:57  Marine x4  
  143  9:00  Marauder x2, Marine  
  143  9:04  SCV  
  129  9:15  Marine x4  
  122  9:18  Marauder  
  122  9:21  Marine  
  122  9:22  Marauder  
  119  9:24  Siege Tank  
  122  9:33  Marine x4  
  120  9:39  Marine x2  
  120  9:42  Marine  
  116  9:49  Terran Infantry Armor Level 2, Terran Infantry Weapons Level 2  
  116  9:50  Marine  
  116  9:51  Marine x3  
  114  9:56  Siege Tank  
  114  9:59  Marine x2  
  119  10:00  Marine  
  119  10:03  Medivac, Liberator  
  123  10:08  Marine x3  
  123  10:09  Marine  
  127  10:14  Planetary Fortress  
  127  10:17  SCV x3, Marine x2  
  127  10:18  Marine  
  133  10:24  Barracks Tech Lab x3  
  133  10:26  Marine x4  
  136  10:28  Siege Tank  
  136  10:29  SCV x3  
  136  10:31  Terran Vehicle And Ship Armor Level 1  
  136  10:33  Medivac  
  136  10:35  Marine x2  
  146  10:36  Barracks Reactor, Marine  
  147  10:44  Marine x4  
  147  10:46  Medivac  
  147  10:48  Marine x2  
  155  10:52  Marine x2  
  155  10:54  Marine  
  155  10:55  Missile Turret  
  158  11:00  Siege Tank  
  158  11:02  Marine x3  
  164  11:15  Supply Depot  
  164  11:17  Supply Depot  
  164  11:19  Supply Depot  
  164  11:23  Marine x4, Medivac x2  
  164  11:24  Marine x2  
  164  11:25  Supply Depot  
  174  11:28  Supply Depot x2  
  174  11:31  Supply Depot  
  177  11:32  Siege Tank  
  177  11:37  Command Center  
  177  11:40  Marine x6, Command Center  
  177  11:41  Marine x3  
  177  11:42  Marine x2  
  188  11:58  Marine x9  
  188  12:00  Marine x2  
  197  12:15  Marine  
  197  12:16  Marine x2  
Show
View Real Time Build Order
Export as new Build Order

A.I. 1 (Elite) Zerg 

Build Orders: Pool First 

Get SALT Encoding   

  12  0:00  Drone  
  13  0:13  Overlord  
  13  0:16  Drone  
  14  0:31  Drone x2  
  16  0:43  Spawning Pool  
  16  0:45  Drone  
  16  0:49  Drone  
  17  1:12  Drone, Hatchery  
  17  1:15  Extractor  
  17  1:16  Drone  
  17  1:20  Drone  
  18  1:28  Drone  
  19  1:38  Overlord  
  19  1:49  Drone, Queen  
  22  2:00  Zergling x2  
  23  2:11  Drone  
  24  2:22  Drone  
  25  2:25  Queen  
  25  2:27  Roach Warren  
  26  2:31  Extractor  
  26  2:35  Drone  
  26  2:40  Drone  
  26  2:44  Drone  
  26  2:48  Drone  
  26  2:52  Drone  
  26  2:55  Drone  
  28  2:59  Drone  
  28  3:04  Drone  
  30  3:07  Zergling x2  
  30  3:10  Zergling x2  
  31  3:13  Zergling x2  
  31  3:19  Overlord  
  32  3:23  Drone  
  32  3:26  Drone  
  34  3:38  Roach x2  
  34  3:39  Roach  
  40  3:43  Roach  
  42  3:51  Lair  
  42  3:56  Overlord  
  42  4:01  Overlord  
  42  4:05  Zergling x2  
  43  4:14  Drone, Zergling x4  
  43  4:16  Drone  
  47  4:19  Drone  
  47  4:21  Drone  
  47  4:24  Drone  
  50  4:27  Roach  
  52  4:31  Roach  
  52  4:36  Overlord  
  54  4:43  Drone  
  55  4:46  Drone  
  55  4:47  Drone  
  55  4:50  Drone  
  58  4:53  Drone, Infestation Pit  
  58  4:56  Overlord  
  58  5:00  Overlord  
  58  5:06  Hydralisk Den  
  57  5:10  Drone  
  57  5:12  Drone  
  59  5:14  Drone  
  59  5:16  Drone  
  59  5:18  Drone  
  59  5:20  Drone  
  63  5:21  Drone  
  63  5:23  Drone  
  63  5:25  Drone  
  63  5:27  Drone  
  67  5:29  Drone  
  67  5:33  Drone  
  67  5:34  Drone  
  67  5:35  Drone  
  71  5:36  Hydralisk  
  71  5:38  Hydralisk  
  71  5:40  Overlord  
  75  5:43  Infestor  
  75  5:46  Roach  
  75  5:48  Roach  
  81  5:51  Roach  
  83  5:58  Roach  
  83  6:02  Overlord  
  85  6:06  Metabolic Boost, Infestor  
  85  6:08  Extractor  
  85  6:10  Extractor  
  85  6:14  Evolution Chamber  
  85  6:16  Hatchery  
  85  6:17  Drone  
  84  6:29  Evolution Chamber  
  84  6:30  Drone x3  
  84  6:31  Evolution Chamber  
  84  6:32  Drone x2  
  87  6:33  Drone  
  87  6:38  Drone, Overlord  
  89  6:41  Zerg Melee Weapons Level 1  
  89  6:53  Ravager  
  90  6:54  Zerg Missile Weapons Level 1  
  90  6:56  Roach  
  90  6:57  Zerg Ground Armor Level 1  
  91  7:03  Ravager  
  91  7:05  Roach  
  94  7:11  Overseer  
  94  7:13  Hydralisk, Spine Crawler  
  94  7:14  Drone, Overlord  
  96  7:18  Hydralisk  
  98  7:24  Spine Crawler  
  98  7:28  Drone  
  98  7:29  Drone x4  
  102  7:30  Drone x4  
  102  7:34  Extractor  
  102  7:35  Drone  
  106  7:38  Drone  
  106  7:41  Infestor, Drone, Overlord  
  110  7:46  Drone x2, Roach  
  110  7:47  Drone  
  110  7:49  Drone  
  116  7:52  Drone  
  116  7:58  Drone  
  118  7:59  Drone  
  118  8:02  Overlord  
  118  8:04  Neural Parasite  
  119  8:09  Drone  
  119  8:10  Drone  
  119  8:12  Glial Reconstitution  
  121  8:13  Drone, Infestor  
  121  8:14  Extractor, Drone x2  
  121  8:15  Spore Crawler  
  121  8:17  Roach x2  
  121  8:18  Drone  
  129  8:22  Overlord  
  129  8:23  Spore Crawler  
  129  8:24  Drone  
  129  8:28  Queen  
  129  8:32  Hydralisk  
  133  8:35  Hydralisk  
  133  8:36  Drone x2  
  133  8:39  Pneumatized Carapace  
  137  8:41  Overlord  
  137  8:42  Drone  
  137  8:45  Lurker Den  
  137  8:46  Drone  
  138  8:50  Drone, Zergling x4, Spine Crawler  
  138  8:53  Zergling x2  
  138  8:55  Zerg Melee Weapons Level 2  
  139  8:56  Zergling x8  
  127  9:04  Roach x2  
  127  9:05  Roach  
  127  9:06  Baneling Nest  
  120  9:14  Roach  
  120  9:15  Drone  
  120  9:16  Drone  
  114  9:17  Drone, Roach x2  
  114  9:20  Drone  
  114  9:21  Drone, Roach  
  95  9:25  Roach  
  95  9:26  Drone  
  95  9:27  Drone  
  95  9:29  Hatchery  
  84  9:36  Drone  
  84  9:37  Drone  
  59  9:47  Zergling x2  
  59  9:51  Zergling x2  
  55  9:56  Roach  
  57  10:00  Drone  
  57  10:01  Drone  
  57  10:06  Roach  
  47  10:07  Hydralisk  
  47  10:08  Baneling  
  47  10:11  Roach  
  47  10:13  Zergling x2  
  41  10:23  Zergling x2  
  32  10:33  Roach  
  30  10:38  Zergling x2  
  24  10:44  Queen  
  24  10:49  Drone  
  22  10:56  Roach  
  24  11:02  Roach  
  23  11:06  Zergling x2  
  19  11:34  Drone  
  19  11:37  Zergling x2  
  21  11:41  Zergling x2  
  22  11:47  Roach  
  22  11:50  Hydralisk  
  22  11:51  Drone x2, Roach  
Tags
 
Add a new tag
Caveats
  • Supply blocks, unpowered buildings, or Contaminate may cause inaccurate times.
  • Supply counts are checked every 10 seconds.